 Dungeon Crawl Stone Soup version 0.17.1-1-g73c8601 (webtiles) character file.

503 DeXoteric the Sneak (level 7, -4/44 HPs)
             Began as a Kobold Artificer on Jan 3, 2016.
             Slain by srt19170's ghost (15 damage)
             ... on level 4 of the Dungeon.
             The game lasted 00:12:27 (5071 turns).

DeXoteric the Sneak (Kobold Artificer)              Turns: 5071, Time: 00:12:27

Health: -4/44      AC:  6    Str: 11    XL:     7   Next: 40%
Magic:  9/9        EV: 15    Int: 10    God:
Gold:   152        SH:  0    Dex: 17    Spells: 0 memorised, 6 levels left

rFire  . . .     SeeInvis .     a - +0 dagger
rCold  . . .     Clarity  .     h - +0 leather armour
rNeg   . . .     SustAt   .     (shield restricted)
rPois  .         Gourm    .     q - +0 helmet
rElec  .         Spirit   .     p - +0 cloak
rCorr  .         Warding  .     j - +0 pair of gloves
rMut   .         Stasis   .     (no boots)
MR     +....                    (no amulet)
Stlth  +++.......               (no ring)
                                x - ring of protection from magic

@: somewhat resistant to hostile enchantments, fairly stealthy
A: carnivore 3
a: no special abilities


You were on level 4 of the Dungeon.
You were very full.

You visited 1 branch of the dungeon, and saw 4 of its levels.

You collected 152 gold pieces.

Inventory:

Hand Weapons
 a - a +0 dagger (weapon)
 b - a +0 blowgun
 g - a +0 short sword
Missiles
 y - 20 poisoned needles
Armour
 h - a +0 leather armour (worn)
 j - a +0 pair of gloves (worn)
 p - a +0 cloak (worn)
 q - a +0 helmet (worn)
Jewellery
 x - a ring of protection from magic (left hand)
Wands
 c - a wand of flame (9)
 d - a wand of enslavement (10)
 e - a wand of random effects (15)
Scrolls
 k - a scroll of enchant weapon {unknown}
 l - a scroll of amnesia {unknown}
 m - 4 scrolls of teleportation {unknown}
 o - a scroll of noise {unknown}
 r - a scroll of enchant armour {unknown}
 s - a scroll of random uselessness {unknown}
 t - 2 scrolls of remove curse
 v - a scroll of fear {unknown}
 B - a scroll of identify {unknown}
Potions
 i - a potion of heal wounds {unknown}
 n - 2 potions of curing {unknown}
 u - a potion of invisibility {unknown}
 w - a potion of cancellation {unknown}
 A - 2 potions of might {unknown}
Comestibles
 f - 2 meat rations


   Skills:
 + Level 4.8 Fighting
 + Level 5.2 Short Blades
 - Level 2.4 Dodging
 + Level 5.9 Stealth
 - Level 3.9 Evocations


You had 6 spell levels left.
You didn't know any spells.

Dungeon Overview and Level Annotations

Branches:
Dungeon (4/15)
 Temple: D:4-7

Altars:

Annotations:
D:3 Flanowski's ghost, amateur MiFi
D:4 srt19170's ghost, amateur DECj


Innate Abilities, Weirdness & Mutations

You are small and have problems with some larger weapons.
You are carnivorous and can eat meat at any time.


Message History

Srt19170's ghost closely misses your phantom.
Your phantom barely misses srt19170's ghost.
Your orc hits srt19170's ghost with a hand axe.
Srt19170's ghost casts a spell at you. The magic dart hits you!
* * * LOW HITPOINT WARNING * * *
Your phantom hits srt19170's ghost but does no damage.
Your orc hits srt19170's ghost with a hand axe.
You take 2 damage, and have 10/44 hp.
You are too injured to fight recklessly!
You are too injured to fight recklessly!
You hit srt19170's ghost.
Srt19170's ghost whispers, "Trust me.
Just give in."
Srt19170's ghost completely misses you.
Your phantom blinks!
You hit srt19170's ghost but do no damage.
Your orc hits srt19170's ghost but does no damage.
Srt19170's ghost hits you but does no damage.
You are electrocuted!
You die...

#)##
#####################)#.
..$.................#)#.
....................#.#.
.............)..........
...............)....#.#.
..........÷.........#.#.
.W.<................#.#.
.......K............#.#.
......W§..............#.
.......o............###.
........................
.....................##.
........).?..........#..
.....................#..
.......)............##..
...................##..


You could see srt19170's ghost, a friendly phantom and a friendly orc.

Vanquished Creatures
  An ogre (D:4)
  An orc priest (D:4)
  Ijyb (D:3)
  A hound (D:4)
  An iguana (D:4)
  2 worker ants (D:4)
  Robin (D:4)
  2 gnolls (D:2)
  6 adders
  2 worms
  5 orcs (D:3)
  2 ball pythons (D:2)
  4 giant cockroaches
  8 goblins
  13 hobgoblins
  A quokka (D:2)
  7 bats
  7 giant geckos
  3 giant newts (D:1)
  9 kobolds
  5 rats
82 creatures vanquished.

Vanquished Creatures (collateral kills)
  Menkaure (D:4)
  A gnoll (D:2)
  An orc (D:4)
3 creatures vanquished.

Vanquished Creatures (others)
  A gnoll (D:2)
1 creature vanquished.

Grand Total: 86 creatures vanquished

Notes
Turn   | Place    | Note
--------------------------------------------------------------
     0 | D:1      | DeXoteric the Kobold Artificer began the quest for the Orb.
     0 | D:1      | Reached XP level 1. HP: 12/12 MP: 3/3
   189 | D:1      | Reached XP level 2. HP: 8/16 MP: 4/4
  1199 | D:1      | Reached XP level 3. HP: 20/20 MP: 5/5
  1933 | D:2      | Reached XP level 4. HP: 19/27 MP: 6/6
  3380 | D:3      | Reached XP level 5. HP: 30/32 MP: 7/7
  3440 | D:3      | Noticed Flanowski's ghost (amateur MiFi)
  3814 | D:3      | Noticed Ijyb
  3826 | D:3      | Killed Ijyb
  3826 | D:3      | Reached skill level 4 in Stealth
  4027 | D:4      | Noticed a phantom
  4034 | D:4      | Noticed Robin
  4036 | D:4      | Noticed an ogre
  4037 | D:4      | Noticed srt19170's ghost (amateur DECj)
  4337 | D:4      | Reached XP level 6. HP: 30/37 MP: 8/8
  4482 | D:4      | Noticed Menkaure
  4612 | D:4      | Killed an ogre
  4612 | D:4      | Reached skill level 5 in Stealth
  4744 | D:4      | Reached XP level 7. HP: 21/44 MP: 9/9
  4772 | D:4      | Killed Robin
  5029 | D:4      | Killed Menkaure
  5029 | D:4      | Reached skill level 5 in Short Blades
  5071 | D:4      | Slain by srt19170's ghost

Action                   |  1- 3 |  4- 6 |  7- 9 || total
-------------------------+-------+-------+-------++-------
Melee: Short sword       |    11 |       |       ||    11
       Dagger            |   182 |   233 |    49 ||   464
 Fire: Blowgun           |       |    31 |    16 ||    47
Evoke: Wand              |       |     3 |     8 ||    11
  Use: Scroll            |       |       |     1 ||     1
 Stab: Sleeping          |     5 |     4 |       ||     9
       Betrayed ally     |       |     1 |       ||     1
       Distracted        |       |       |     1 ||     1
  Eat: Chunk             |    12 |     9 |       ||    21
